 Dungeon Crawl Stone Soup version 0.30-a0-728-gc68057be0a (webtiles) character file.

Game seed: 9706972048202982079

77 warriortoast the Trooper (level 4, -5/38 HPs)
             Began as a Barachi Fighter on Jan 30, 2023.
             Killed by nerve-wracking pain
             ... invoked by Grinder
              (13 damage)
             ... on level 3 of the Dungeon.
             The game lasted 00:02:40 (1471 turns).

warriortoast the Trooper (Barachi Fighter)          Turns: 1471, Time: 00:02:40

Health: -5/38      AC:  6    Str: 20    XL:     4   Next: 34%
Magic:  4/4        EV:  9    Int:  8    God:
Gold:   76         SH:  4    Dex: 11    Spells: 3/3 levels left

rFire   . . .      SeeInvis .    a - +0 war axe
rCold   . . .      Faith    .    c - +0 buckler
rNeg    . . .      Spirit   .    b - +0 scale mail
rPois   .          Reflect  .    (no helmet)
rElec   .          Harm     .    (no cloak)
rCorr   .          Rampage  .    (no gloves)
Will    .....                    (no boots) Stlth
                                 (no amulet)
HPRegen 0.26/turn                (no ring)
MPRegen 0.09/turn                (no ring)

@: unable to hop, slow
A: amphibious, slowness 1, strong legs 1, +LOS
a: Hop


You were on level 3 of the Dungeon.
You visited 1 branch of the dungeon, and saw 3 of its levels.

You collected 76 gold pieces.

Inventory:

Hand Weapons
 a - a +0 war axe (weapon)
Missiles
 k - 3 poisoned darts (quivered)
Armour
 b - a +0 scale mail (worn)
 c - a +0 buckler (worn)
 o - a scarf of harm
Jewellery
 l - a +4 ring of slaying
Scrolls
 e - 2 scrolls of magic mapping {unknown}
 f - 2 scrolls of immolation {unknown}
 j - a scroll of identify {unknown}
Potions
 g - 2 potions of curing {unknown}
 h - 2 potions of heal wounds {unknown}
 i - a potion of invisibility {unknown}
 m - a potion of flight {unknown}
 n - a potion of brilliance {unknown}


   Skills:
 + Level 4.9 Fighting
 + Level 3.8 Axes
 - Level 3.6 Armour
 - Level 3.3 Shields


You had 3 spell levels left.
You didn't know any spells.
Your spell library was empty.

Dungeon Overview and Level Annotations

Branches:
Dungeon (3/15)

Altars:

Annotations:
D:3 Grinder


Innate Abilities, Weirdness & Mutations

You are amphibious.
You cover ground slowly.
You can hop short distances.
You have an extended range of vision and can be seen from far away.


Message History

You closely miss the goblin.
Grinder says, "What is the universe for?"
The goblin hits you but does no damage.
Grinder blinks!
The goblin hits you but does no damage.
You miss the goblin. The goblin hits you but does no damage.
Grinder blinks!
You slice the goblin!!
You kill the goblin!
Grinder gestures at you.
You suddenly lose the ability to move!
Grinder hits you but does no damage. Grinder hits you.
You writhe in agony.
You can move again.
You slash Grinder!
Grinder is lightly wounded.
Grinder hits you!
You writhe in agony.
Grinder hits you.
You barely miss Grinder.
Grinder is lightly wounded.
Grinder blinks!
Grinder attacks as you move away! Grinder barely misses you.
Found a stone staircase leading down.
You barely miss Grinder.
Grinder is lightly wounded.
Grinder hits you!
* * * LOW HITPOINT WARNING * * *
You writhe in agony.
* * * LOW HITPOINT WARNING * * *
Grinder blinks!
Grinder says, "Are you a fish?"
Hop to where?
Press: ? - help, Dir - move target Boing!
You close the door.
Grinder opens the door.
Grinder gestures at you.
You barely resist.
You see here a +2 short sword of venom.
You feel a little less mighty now. Grinder gestures at you.
Pain shoots through your body!
You die...

.....#.##.........##..)....#
.....#.##....#.#####.#.....#
.#...#.##....#.# .........#
.#...#.##....#.###.#.#.<...#
'#.....##......5##.#>#.....#
................##.# #......
........#........#.#
#.......
......).....#.##.#.#
#........
.........######.@#.#
.........### ##.#.#
......#.#..+ ###.#
...........+ #..#
......#.#.## #####.#
..#.#.#.### #...<##
.##.#.#.#.# ##....#
.##.#.#.#.######.#.#
..#.#...#....)...#.#


You could see Grinder.

Vanquished Creatures
  3 adders (D:2)
  A worm (D:2)
  A dart slug (D:1)
  6 bats
  2 endoplasms (D:1)
  A giant cockroach (D:2)
  3 goblins (D:3)
  A hobgoblin (D:1)
  4 jackals (D:1)
  2 quokkas
  5 ball pythons
  12 frilled lizards (D:1)
  4 kobolds
  3 rats (D:1)
48 creatures vanquished.

Vanquished Creatures (others)
  3 plants (D:1)
3 creatures vanquished.

Grand Total: 51 creatures vanquished

Notes
Turn   | Place    | Note
-------+----------+-------------------------------------------
     0 | D:1      | warriortoast the Barachi Fighter began the quest for the
                  | Orb.
     0 | D:1      | Reached XP level 1. HP: 18/18 MP: 1/1
   135 | D:1      | Reached XP level 2. HP: 25/25 MP: 2/2
   138 | D:1      | Reached skill level 4 in Fighting
   294 | D:1      | Reached XP level 3. HP: 27/30 MP: 3/3
   744 | D:2      | Reached XP level 4. HP: 38/38 MP: 4/4
  1437 | D:3      | Noticed Grinder
  1448 | D:3      | Paralysed by Grinder for 4 turns
  1471 | D:3      | Killed from afar by Grinder

Illustrated notes

Levels and vault maps discovered:
D:1:      scummos_arrival_simple_crosswalls, layout_rooms, minmay_lizard_king
D:2:      layout_rooms
D:3:      layout_basic, gammafunk_temple_overflow_wave,
          ebering_ghost_rock_garden, uniq_jessica, uniq_grinder

Skill      XL: |  1  2 |
---------------+-------+-----
Fighting       | 4 |  4.9
Axes           | 3 |  3.8
Armour         | |  3.6
Shields        | |  3.3

Action                     |  1- 3 |  4- 6 || total
---------------------------+-------+-------++-------
  Melee: War axe           |    96 |    43 ||   139
  Throw: Dart              |     8 |       ||     8
Ability: Hop               |       |     1 ||     1
    Use: Potion            |       |     1 ||     1
 Armour: Scale mail        |    51 |    24 ||    75
  Dodge: Dodged            |    54 |    18 ||    72
  Block: Buckler           |    23 |    10 ||    33

Table legend: (Time is in decaauts)
 A = Elapsed time spent in this place.
 B = Non-inter-level travel time spent in this place.
 C = Inter-level travel time spent in this place.
 D = Time resting spent in this place.
 E = Time spent auto-exploring this place.
 F = Levels seen in this place.
 G = Mean time per level.
                   A        B        C        D        E       F      G
               +--------+--------+--------+--------+--------+-----+--------+
         Total |   1699 |   1639 |     60 |    292 |    948 |   3 |  566.3 |
       Dungeon |   1699 |   1639 |     60 |    292 |    948 |   3 |  566.3 |
               +--------+--------+--------+--------+--------+-----+--------+

Top non-repeatable levels by time:
     D:2: 631 daAuts
     D:1: 564 daAuts
     D:3: 504 daAuts
